Match 45050826
Unlisted

Match 45050826
End
Construct Section Command Post
Infantry Section
Infantry Section
Construct Field Infirmary
Infantry Section
Construct Platoon Command Post
Selects Air and Sea Battlegroup
Unlock M3 Stuart Light Tanks
Selects Commando Section Paradrop
Commando Section Paradrop
M3 Stuart Light Tank
Light Vehicle Training
Commando Section Paradrop
Selects Supply Surplus
Royal Engineer Section
Selects Commando Support Section Paradrop
Commando Support Section Paradrop
Selects Incendiary Bombing Run
Incendiary Bombing Run
Construct Company Command Post
Royal Engineer Section
Unlock M3 Grant Medium Tanks
Armored Vehicle Training
Incendiary Bombing Run
Matilda II Heavy Tank
Matilda II Heavy Tank
MuchShiba
Ripsy
b85f
Veni,Vidi,Vici
0
0

Comments sign in to comment!

No comments posted yet!